 Dungeon Crawl Stone Soup version 0.20-a0-969-g5a5da1e (webtiles) character file.

763 Fang the Chopper (level 7, 0/44 HPs)
             Began as a Gargoyle Berserker on May 7, 2018.
             Was a Believer of Trog.
             Slain by an orc wizard
             ... wielding a +0 dagger
              (2 damage)
             ... on level 4 of the Dungeon.
             The game lasted 00:04:36 (3080 turns).

Fang the Chopper (Gargoyle Berserker)               Turns: 3080, Time: 00:04:37

Health: 0/44       AC:  9    Str: 22    XL:     7   Next: 81%
Magic:  7/7        EV: 13    Int:  7    God:    Trog [**....]
Gold:   135        SH:  0    Dex: 10    Spells: 6/6 levels left

rFire    . . .     SeeInvis .   a - +0 hand axe
rCold    . . .     Gourm    .   (no shield)
rNeg     + . .     Faith    .   b - +0 animal skin
rPois    ∞         Spirit   .   (no helmet)
rElec    +         Reflect  .   n - +1 cloak
rCorr    .         Harm     .   (no gloves)
MR       .....                  (no boots)
Stlth    ++........             (no amulet)
Regen    0.2/turn               (no ring)
MPRegen  0.1/turn               (no ring)

@: no status effects
A: negative energy resistance 1, electricity resistance, unbreathing,
petrification resistance, rot immunity, AC +4
a: Berserk, Trog's Hand, Burn Spellbooks, Renounce Religion


You were on level 4 of the Dungeon.
You worshipped Trog.
Trog was pleased with you.
You were not hungry.

You visited 1 branch of the dungeon, and saw 4 of its levels.

You collected 135 gold pieces.

Inventory:

Hand Weapons
 a - a +0 hand axe (weapon)
Armour
 b - a +0 animal skin (worn)
 n - a +1 cloak (worn)
Jewellery
 i - an uncursed ring of resist corrosion {unknown}
 m - a +3 ring of dexterity {unknown}
Scrolls
 d - a scroll of enchant weapon {unknown}
 e - a scroll of noise {unknown}
 h - 3 scrolls of enchant armour {unknown}
 o - 3 scrolls of fog {unknown}
 p - 2 scrolls of remove curse {unknown}
 t - a scroll of immolation {unknown}
Potions
 g - a potion of brilliance {unknown}
 j - 2 potions of flight {unknown}
 k - a potion of haste {unknown}
 q - a potion of degeneration {unknown}
 r - a potion of heal wounds {unknown}
Comestibles
 c - 4 bread rations
 f - a royal jelly
 l - a fruit
 u - a meat ration


   Skills:
 + Level 5.0 Fighting
 + Level 5.8 Axes
 + Level 2.2 Armour
 + Level 4.0 Dodging
 + Level 2.5 Stealth


You had 6 spell levels left.
You didn't know any spells.

Dungeon Overview and Level Annotations

Branches:
Dungeon (4/15)
 Temple: D:4-7

Altars:
Makhleb
Trog


Innate Abilities, Weirdness & Mutations

You are resistant to torment.
Your stone body is resilient. (AC +4)
You are immune to poison.
You resist negative energy. (rN+)
You are resistant to electric shocks. (rElec)
You can survive without breathing.
You are immune to petrification.
You are immune to rotting.


Message History

You slash something!
The orc priest calls down the wrath of Beogh upon you.
Beogh smites you!
* * * LOW HITPOINT WARNING * * *
Something hits you but does no damage.
You hit something.
You hear some strange, mumbled words.
A magic dart appears from out of thin air!
The magic dart hits you!
* * * LOW HITPOINT WARNING * * *
You closely miss something. Something hits you.
* * * LOW HITPOINT WARNING * * *
You miss something. Something hits you but does no damage.
You hit something but do no damage.
You hear some strange, mumbled words.
Something tries to affect you, but you resist.
You closely miss something.
The orc priest invokes the aid of Beogh against you.
Something hits you.
You die...

###.#...#######)###
......#.# ### #.#
###.#...#######.#
#.#...........# #
###.####.####
#.###......#
#.....######
#####.# #@# #{# #o#
#.# ... ... #...#
.#.## ##.#


You could see an orc priest.

Vanquished Creatures
  Grinder (D:4)
  Edmund (D:4)
  A phantom (D:4)
  A sky beast (D:3)
  The ghost of hivehunter the Skirmisher, an amateur MiAK of Lugonu (D:3)
  A centaur (D:4)
  3 adders
  A worm (D:3)
  3 dart slugs (D:1)
  5 leopard geckos
  3 orcs
  A giant cockroach (D:3)
  9 hobgoblins
  8 jackals
  7 kobolds
  2 ball pythons
  4 bats
  4 frilled lizards
  9 goblins
  9 rats
74 creatures vanquished.

Notes
Turn   | Place    | Note
-------+----------+-------------------------------------------
     0 | D:1      | Fang the Gargoyle Berserker began the quest for the Orb.
     0 | D:1      | Reached XP level 1. HP: 14/14 MP: 1/1
    58 | D:1      | Reached XP level 2. HP: 10/19 MP: 2/2
   580 | D:1      | Reached XP level 3. HP: 15/23 MP: 3/3
  1056 | D:1      | Reached ** piety under Trog
  1545 | D:2      | a bat gained the power of zot (level 1).
  1549 | D:2      | Reached XP level 4. HP: 22/29 MP: 4/4
  1551 | D:2      | a bezotted bat gained the power of zot (level 2).
  1572 | D:2      | a doubly bezotted bat gained the power of zot (level 3).
  1826 | D:3      | Noticed hivehunter's ghost (amateur MiAK)
  1844 | D:3      | Killed hivehunter's ghost
  1844 | D:3      | Reached skill level 1 in Stealth
  1844 | D:3      | Reached XP level 5. HP: 27/33 MP: 5/5
  2267 | D:3      | Noticed a sky beast
  2294 | D:3      | Killed a sky beast
  2294 | D:3      | Reached XP level 6. HP: 19/39 MP: 6/6
  2488 | D:4      | Noticed Grinder
  2498 | D:4      | Killed Grinder
  2498 | D:4      | Reached skill level 5 in Axes
  2498 | D:4      | Reached XP level 7. HP: 44/44 MP: 7/7
  2656 | D:4      | Reached *** piety under Trog
  2921 | D:4      | Found a bloodstained altar of Trog.
  2938 | D:4      | Found a burning altar of Makhleb.
  2960 | D:4      | Noticed Edmund
  2973 | D:4      | Killed Edmund
  2973 | D:4      | Reached skill level 5 in Fighting
  3076 | D:4      | HP: 2/44 [something/magic dart (5)]
  3080 | D:4      | Slain by an orc wizard

Vault maps used:
D:1:      mrwooster_arrival_statue_2
D:2:      serial_corexii_hall, corexii_hall_statues_s, corexii_hall_statues_u
D:3:      first_bread, serial_bayou_pond_c
D:4:      lemuel_doored_altar, grunt_temple_overflow_open,
          minmay_temple_entry_overgrown, minmay_misc_feat_roman, trog_book,
          uniq_grinder, uniq_duvessa, uniq_edmund

Skill      XL: |  1  2  3  4  5  6  7 |
---------------+----------------------+-----
Axes           | 3 4 5 |  5.8
Fighting       | 4 5 |  5.0
Dodging        | 2 3 4 |  4.0
Stealth        | 1 2 |  2.5
Armour         | |  2.2

Action                   |  1- 3 |  4- 6 |  7- 9 || total
-------------------------+-------+-------+-------++-------
Melee: Hand axe          |   155 |   129 |    80 ||   364
Invok: Berserk           |     3 |     2 |     1 ||     6
  Eat: Chunk             |     3 |     6 |     4 ||    13
Armor: Animal skin       |    41 |    96 |    19 ||   156
Dodge: Dodged            |   104 |   148 |    36 ||   288
